 Dungeon Sprint DCSS version 0.30-a0-737-gf23d94013f (webtiles) character file.

Game seed: 768086937623940060

1038 sircluck the Blocker (level 8, -2/88 HPs)
             Began as a Troll Fighter on Feb 2, 2023.
             Slain by a demonic crawler (9 damage)
             ... in the Dungeon (Sprint I: "Red Sonja").
             The game lasted 00:03:06 (184 turns).

sircluck the Blocker (Troll Fighter)                 Turns: 184, Time: 00:03:06

Health: -2/88      AC:  4    Str: 27    XL:     8   Next: 4%
Magic:  7/7        EV: 10    Int:  4    God:
Gold:   270        SH: 10    Dex:  9    Spells: 7/7 levels left

rFire   . . .      SeeInvis .      - Unarmed
rCold   . . .      Faith    .    b - +0 kite shield
rNeg    . . .      Spirit   .    a - +0 robe
rPois   .          Reflect  .    (helmet restricted)
rElec   .          Harm     .    (no cloak)
rCorr   .          Rampage  .    (gloves unavailable)
Will    .....      NoTele   +    (boots unavailable)
Stlth   +                        (no amulet)
HPRegen 1.14/turn                (no ring)
MPRegen 0.10/turn                (no ring)

@: no status effects
A: large, unfitting armour, claws 3, regeneration 1, shaggy fur 1, tough skin 1
a: no special abilities


You were in the Dungeon.
You visited 1 branch You collected 270 gold pieces.

Inventory:

Armour
 a - a +0 robe (worn)
 b - a +0 kite shield (worn)
Wands
 j - a wand of flame (9)
Scrolls
 i - a scroll of blinking
Potions
 f - a potion of haste
 g - 2 potions of magic
 h - a potion of berserk rage


   Skills:
 + Level 7.9 Fighting
 + Level 8.1 Dodging
 + Level 8.9 Shields
 + Level 8.3 Unarmed Combat
 + Level 0.5 Evocations


You had 7 spell levels left.
You didn't know any spells.
Your spell library was empty.

Dungeon Overview and Level Annotations

Branches:
Dungeon (1/1)

Altars:
Makhleb
Xom
Jiyva
Lugonu


Innate Abilities, Weirdness & Mutations

You are too large for most types of armour.
You have claws for hands.
Your natural rate of healing is unusually fast.
You are covered in fur. (AC +1)
You have tough skin. (AC +1)


Message History

Your Unarmed Combat skill increases to level 8!
You have reached level 8!
Things that are here:
a +0 dagger; a +0 robe; a kobold corpse
There is an open door, spattered with blood here.
You feel a little less mighty now.
You open the door. 4 demonic crawlers come into view.
The demonic crawler gives a hideous shriek! x4
You claw the demonic crawler!
The demonic crawler is lightly wounded.
You block the demonic crawler's attack. The demonic crawler barely misses you.
The demonic crawler hits you. The demonic crawler closely misses you.
The demonic crawler hits you! The demonic crawler closely misses you.
You barely miss the demonic crawler. The demonic crawler hits you!
The demonic crawler barely misses you. The demonic crawler hits you.
You block the demonic crawler's attack.
The demonic crawler hits you but does no damage.
The demonic crawler barely misses you.
You claw the demonic crawler!
The demonic crawler is moderately wounded.
The demonic crawler barely misses you. The demonic crawler hits you!
The demonic crawler hits you. You block the demonic crawler's attack.
The demonic crawler closely misses you. x2
You claw the demonic crawler!
The demonic crawler is moderately wounded.
The demonic crawler hits you. The demonic crawler hits you!
The demonic crawler misses you. The demonic crawler hits you!
The demonic crawler barely misses you. The demonic crawler hits you.
You claw the demonic crawler!
The demonic crawler is moderately wounded.
You block the demonic crawler's attack. x3; The demonic crawler hits you!
* * * LOW HITPOINT WARNING * * *
The demonic crawler hits you.
* * * LOW HITPOINT WARNING * * *
The demonic crawler hits you but does no damage.
The demonic crawler hits you!
* * * LOW HITPOINT WARNING * * *
The demonic crawler hits you!
You die...

##################
.#.['..#__#..'...#
.'..#..'..)).#..s##+#
'#####+#__####..@ss.#
.# #### #####s.+ ##
##


You could see 4 demonic crawlers.

Vanquished Creatures
  2 kobold demonologists (D)
  A slime creature (D)
  Sigmund (D)
  A floating eye (D)
  An ogre (D)
  Ijyb (D)
7 creatures vanquished.

Notes
Turn   | Place    | Note
-------+----------+-------------------------------------------
     0 | D        | sircluck the Troll Fighter began the quest for the Orb.
     0 | D        | Reached XP level 1. HP: 22/22 MP: 0/0
     2 | D        | Noticed Ijyb
     9 | D        | Killed Ijyb
    10 | D        | Reached XP level 2. HP: 28/31 MP: 1/1
    14 | D        | Noticed an ogre
    20 | D        | Killed an ogre
    21 | D        | Reached skill level 5 in Shields
    21 | D        | Reached XP level 3. HP: 35/40 MP: 2/2
    21 | D        | Reached XP level 4. HP: 43/49 MP: 3/3
    34 | D        | Noticed Sigmund
    45 | D        | Killed Sigmund
    46 | D        | Reached skill level 5 in Unarmed Combat
    46 | D        | Reached XP level 5. HP: 50/59 MP: 4/4
    46 | D        | Reached XP level 6. HP: 57/67 MP: 5/5
    58 | D        | Found a burning altar of Makhleb.
    58 | D        | Found a viscous altar of Jiyva.
    58 | D        | Found a shimmering altar of Xom.
    58 | D        | Found a corrupted altar of Lugonu.
    58 | D        | Noticed a slime creature
    64 | D        | Killed a slime creature
    78 | D        | Noticed a kobold demonologist
    78 | D        | Noticed a floating eye
    78 | D        | Noticed a kobold demonologist
    80 | D        | Paralysed by a floating eye for 4 turns
    81 | D        | Noticed an orange demon
    83 | D        | Noticed a chaos spawn
    84 | D        | Noticed an orange demon
    84 | D        | Killed a floating eye
    85 | D        | Reached XP level 7. HP: 35/78 MP: 6/6
    91 | D        | HP: 3/78 [poisoned by an orange demon]
    98 | D        | Killed a kobold demonologist
   100 | D        | HP: 3/79 [chaos spawn[a kobold demonologist] (10)]
   101 | D        | HP: 1/79 [kobold demonologist/+0 dagger (3)]
   103 | D        | Killed a kobold demonologist
   104 | D        | Reached XP level 8. HP: 4/88 MP: 7/7
   179 | D        | Noticed a demonic crawler
   179 | D        | Noticed a demonic crawler
   179 | D        | Noticed a demonic crawler
   179 | D        | Noticed a demonic crawler
   184 | D        | Slain by a demonic crawler

Illustrated notes

Levels and vault maps discovered:
D:        dungeon_sprint_1 [red_sonja_temple_1, red_sonja_temple_small_1]

Skill      XL: |  1  2  3  4  5  6  7 |
---------------+----------------------+-----
Fighting       | 3 4 6 7 |  7.9
Dodging        | 3 4 6 7 8 |  8.1
Shields        | 3 5 6 7 8 |  8.9
Unarmed Combat | 3 5 6 8 |  8.3
Evocations     | |  0.5

Action                     |  1- 3 |  4- 6 |  7- 9 || total
---------------------------+-------+-------+-------++-------
  Melee: Unarmed           |    11 |    15 |    14 ||    40
  Evoke: Wand              |     1 |       |     2 ||     3
    Use: Potion            |       |       |     3 ||     3
 Armour: Robe              |     1 |     3 |     7 ||    11
  Dodge: Dodged            |     2 |     1 |    21 ||    24
  Block: Kite shield       |     3 |     3 |    21 ||    27

Table legend: (Time is in decaauts)
 A = Elapsed time spent in this place.
 B = Non-inter-level travel time spent in this place.
 C = Inter-level travel time spent in this place.
 D = Time resting spent in this place.
 E = Time spent auto-exploring this place.
 F = Levels seen in this place.
 G = Mean time per level.
                   A        B        C        D        E       F      G
               +--------+--------+--------+--------+--------+-----+--------+
         Total |    185 |    185 |      0 |      0 |      0 |   1 |  185.0 |
       Dungeon |    185 |    185 |      0 |      0 |      0 |   1 |  185.0 |
               +--------+--------+--------+--------+--------+-----+--------+

Top non-repeatable levels by time:
       D: 185 daAuts
